 Dungeon Crawl Stone Soup version 0.23.1 (webtiles) character file.

Game seed: 13954237320393591762

744 Fang the Skirmisher (level 7, -2/44 HPs)
             Began as a Gargoyle Berserker on Mar 14, 2019.
             Was a Priest of Trog.
             Slain by a phantom (4 damage)
             ... on level 6 of the Dungeon.
             The game lasted 00:05:04 (3743 turns).

Fang the Skirmisher (Gargoyle Berserker)            Turns: 3743, Time: 00:05:05

Health: -2/44      AC:  7    Str: 23    XL:     7   Next: 76%
Magic:  7/7        EV: 13    Int:  7    God:    Trog [***...]
Gold:   165        SH:  0    Dex:  9    Spells: 6/6 levels left

rFire    . . .     SeeInvis .   n - +1 hand axe (freeze)
rCold    . . .     Gourm    .   (no shield)
rNeg     + . .     Faith    .   b - +0 animal skin
rPois    ∞         Spirit   .   (no helmet)
rElec    +         Reflect  .   (no cloak)
rCorr    .         Harm     .   (no gloves)
MR       .....                  (no boots)
Stlth    +.........             (no amulet)
HPRegen  0.14/turn              (no ring)
MPRegen  0.10/turn              (no ring)

@: berserk cooldown, slowed, studying Long Blades, very slow
A: negative energy resistance 1, electricity resistance, unbreathing,
petrification resistance, rot immunity, AC +4
a: Berserk, Trog's Hand, Renounce Religion


You were on level 6 of the Dungeon.
You worshipped Trog.
Trog was most pleased with you.
You were very hungry.

You visited 2 branches of the dungeon, and saw 7 of its levels.

You collected 165 gold pieces.

Inventory:

Hand Weapons
 a - a +0 hand axe
 n - a +1 hand axe of freezing (weapon)
Armour
 b - a +0 animal skin (worn)
Scrolls
 d - 2 scrolls of remove curse {unknown}
 e - 5 scrolls of teleportation {unknown}
 i - 5 scrolls of identify {unknown}
 l - a scroll of fog {unknown}
 q - a scroll of amnesia {unknown}
Potions
 f - a potion of lignification {unknown}
 g - 2 potions of degeneration {unknown}
 h - a potion of haste {unknown}
 j - 2 potions of flight {unknown}
 k - 3 potions of resistance {unknown}
 m - a potion of mutation {unknown}
 o - a potion of curing {unknown}
 p - a potion of might {unknown}
Books
 r - a manual of Long Blades
Comestibles
 c - 8 rations


   Skills:
 + Level 5.6 Fighting
 + Level 4.6 Axes
 + Level 5.0 Armour
 + Level 3.7 Dodging


You had 6 spell levels left.
You didn't know any spells.
Your spell library was empty.

Dungeon Overview and Level Annotations

Branches:
Dungeon (5/15)             Temple (1/1) D:4

Altars:
Dithmenos
Gozag
Makhleb
Okawaru
Qazlal
Ru


Innate Abilities, Weirdness & Mutations

You are resistant to torment.
Your stone body is resilient. (AC +4)
You are immune to poison.
You resist negative energy. (rN+)
You are resistant to electric shocks. (rElec)
You can survive without breathing.
You are immune to petrification.
You are immune to rotting.


Message History

You hit the phantom but do no damage. You completely miss the phantom.
The phantom barely misses you.
You slash the phantom!
The phantom is moderately damaged.
The phantom blinks!
You swing at nothing.
You swing at nothing.
You feel a strong urge to attack something.
You slash the phantom!
You are no longer berserk.
You are exhausted.
You feel yourself slow down.
You hit the phantom but do no damage. The phantom hits you!
* * * LOW HITPOINT WARNING * * *
The phantom hits you!
* * * LOW HITPOINT WARNING * * *
You completely miss the phantom.
The phantom hits you but does no damage.
The phantom hits you.
You die...

#......#.#
#......#.#
#......#.#
#.....(#.###
#.##......#(..#
...........#.#
.##...(.%.#.#
#........# #
#...@....#
#......W....#
#.........###
#...........
#.........###
#......#...
###.... ....
#..#. .###.


You could see a phantom.

Vanquished Creatures
  2 centaurs (D:6)
  3 hounds
  5 orc priests
  An iguana (D:4)
  5 orc wizards
  A worker ant (D:4)
  5 adders
  A worm (D:4)
  3 adder skeletons (D:4)
  2 dart slugs
  5 leopard geckos
  18 orcs
  4 ball pythons
  3 bats
  5 goblins
  6 hobgoblins
  4 jackals
  8 kobolds
  11 frilled lizards
  4 rats
96 creatures vanquished.

Notes
Turn   | Place    | Note
-------+----------+-------------------------------------------
     0 | D:1      | Fang the Gargoyle Berserker began the quest for the Orb.
     0 | D:1      | Reached XP level 1. HP: 14/14 MP: 1/1
    68 | D:1      | Reached XP level 2. HP: 17/19 MP: 2/2
   623 | D:1      | Reached XP level 3. HP: 23/23 MP: 3/3
   877 | D:2      | Found a shadowy altar of Dithmenos.
   882 | D:2      | Reached ** piety under Trog
   899 | D:2      | Found a stormy altar of Qazlal.
  1452 | D:3      | Found an iron altar of Okawaru.
  1491 | D:3      | Reached XP level 4. HP: 7/29 MP: 4/4
  1997 | D:3      | Reached XP level 5. HP: 21/33 MP: 5/5
  2335 | D:3      | Found a sacrificial altar of Ru.
  2394 | D:3      | Found an opulent altar of Gozag.
  2564 | D:4      | Reached XP level 6. HP: 26/39 MP: 6/6
  2570 | D:3      | Reached *** piety under Trog
  2961 | D:4      | Reached skill level 5 in Fighting
  2968 | D:4      | Found a staircase to the Ecumenical Temple.
  2990 | Temple   | Entered the Ecumenical Temple
  3039 | D:4      | Reached XP level 7. HP: 24/44 MP: 7/7
  3479 | D:5      | Entered Level 5 of the Dungeon
  3562 | D:5      | You fall through a shaft!
  3734 | D:6      | Reached skill level 5 in Armour
  3742 | D:6      | HP: 2/44 [phantom (7)]
  3743 | D:6      | Slain by a phantom

Skill      XL: |  1  2  3  4  5  6  7 |
---------------+----------------------+-----
Axes           | 3 4 |  4.6
Dodging        | 2 3 |  3.7
Armour         | 3 4 5 |  5.0
Fighting       | 4 5 |  5.6

Action                   |  1- 3 |  4- 6 |  7- 9 || total
-------------------------+-------+-------+-------++-------
Melee: Hand axe          |   102 |   117 |    44 ||   263
Invok: Berserk           |     1 |     2 |     1 ||     4
 Stab: Sleeping          |     1 |     1 |       ||     2
  Eat: Chunk             |     2 |     7 |     3 ||    12
Armor: Animal skin       |    28 |    45 |    20 ||    93
Dodge: Dodged            |    73 |    84 |    34 ||   191
